AoeStats
← prathameshgawade1000

Arena

510970404Analyzed
1v1 RM · 7h ago on Oct 3, 2026· 46m 5s· 2 players
Game mode
Random Map
Map size
Tiny (2 player)
Population
200
Speed
Normal
Resources
Standard
Victory
Conquest
Starting age
Dark Age
Ending age
Imperial Age
RankedLock teamsTeams togetherTeam positionsShared explorationLock speedFull tech treeHidden civsTurbo modeCheats
Victory
Defeat
🇪🇸 Maya · Spain
825
+17
🇮🇳 Turks · India
842
-43
CBarkley23
0:39 Loom
11:32 Feudal Age
12:02 Double-Bit Axe
12:54 Wheelbarrow
12:12 Gold Mining
12:06 Horse Collar
20:47 Castle Age
19:03 Stone Mining
21:50 Bow Saw
21:43 Heavy Plow
22:27 Stone Shaft Mining
22:22 Hand Cart
22:47 Hand Cart
23:32 Forging
23:22 Scale Mail Armor
25:01 Squires
25:08 Treadmill Crane
31:38 Imperial Age
29:22 Fortified Wall
29:19 Pikeman
30:07 Padded Archer Armor
29:58 Fletching
29:30 Elite Skirmisher
31:24 Masonry
31:05 Arson
32:13 Iron Casting
31:50 Thumb Ring
31:38 Guard Tower
32:16 Town Watch
33:50 Two-Man Saw
33:21 Crop Rotation
34:09 Chemistry
33:25 Halberdier
34:24 Chain Mail Armor
34:24 Leather Archer Armor
35:12 Town Patrol
34:44 Eagle Warrior
35:58 Plate Mail Armor
36:28 Blast Furnace
36:06 Architecture
36:38 Ring Archer Armor
36:19 Bodkin Arrow
37:08 Keep
37:24 Town Patrol
38:24 Ballistics
39:34 Hul'che Javelineers
39:55 Conscription
39:48 Murder Holes
41:09 Bracer
40:51 Man-at-Arms
41:30 Long Swordsman
41:36 Elite Eagle Warrior
44:01 Holcans
44:13 Hoardings
43:01 Two-Handed Swordsman
prathameshgawade1000
12:48 Feudal Age
14:15 Wheelbarrow
13:23 Horse Collar
13:38 Gold Mining
13:37 Double-Bit Axe
14:21 Stone Mining
18:21 Castle Age
16:36 Loom
16:53 Stone Mining
19:36 Hand Cart
19:51 Bow Saw
21:59 Gold Shaft Mining
24:08 Scale Mail Armor
24:19 Forging
25:27 Man-at-Arms
26:23 Heavy Plow
27:19 Long Swordsman
29:54 Bloodlines
30:22 Crossbowman
31:23 Chain Mail Armor
40:48 Iron Casting
40:13 Padded Archer Armor
40:06 Fletching
40:21 Scale Barding Armor
43:11 Imperial Age
Connection lost

Rejoining the realm…

Still unreachable

The connection could not be restored.

Session expired

The server has moved on; the page needs a fresh start.